 Dungeon Crawl Stone Soup version 0.27.0-1-g7a089689b8 (webtiles) character file.

Game seed: 216639865167797443

23004 raph the Fencer (level 12, -8/106 HPs)
             Began as a Minotaur Fighter on Aug 4, 2021.
             Was a High Priest of Zin.
             Mangled by an orc sorcerer (10 damage)
             ... led by Saint Roka
             ... while paralysed by an orc sorcerer
             ... on level 2 of the Orcish Mines.
             The game lasted 00:35:56 (19174 turns).

raph the Fencer (Minotaur Fighter)                 Turns: 19174, Time: 00:35:57

Health: -8/106     AC:  0    Str: 29    XL:     12   Next: 68%
Magic:  15/16      EV:  2    Int:  9    God:    Zin [*****.]
Gold:   338        SH:  0    Dex: 17    Spells: 11/11 levels left

rFire    . . .     SeeInvis +   a - +5 great sword
rCold    . . .     Faith    .   (shield currently unavailable)
rNeg     . . .     Spirit   .   K - +0 plate armour {Will+}
rPois    ∞         Reflect  .   I - +3 crown of Dyrovepreva {rElec Int+2 SInv}
rElec    +         Harm     .   p - +2 cloak
rCorr    .         Rampage  .   l - +0 pair of gloves
Will     +....                  F - +1 pair of boots
Stlth    ..........             x - amulet of the acrobat
HPRegen  0.27/turn              g - +4 ring of evasion
MPRegen  0.15/turn              J - +6 ring of strength

@: paralysed, mighty, vitalised, corroded, on recite cooldown, studying Axes
A: horns 2, retaliatory headbutt
a: Renounce Religion, Recite, Vitalisation, Imprison, Sanctuary, Donate Gold


You were on level 2 of the Orcish Mines.
You worshipped Zin.
Zin was extremely pleased with you.
You visited 4 branches of the dungeon, and saw 16 of its levels.

You collected 1085 gold pieces.
You spent 655 gold pieces at shops.
You donated 92 gold pieces to Zin.

Inventory:

Hand Weapons
 a - a +5 great sword (weapon)
 b - a +0 shortbow
 m - a +0 great sword
 E - a +2 long sword
Missiles
 u - 21 boomerangs (quivered)
 y - 112 arrows
 z - 4 throwing nets
Armour
 c - a +1 kite shield
 h - a +1 chain mail
 l - a +0 pair of gloves (worn)
 p - a +2 cloak (worn)
 F - a +1 pair of boots (worn)
 I - the +3 crown of Dyrovepreva (worn) {rElec Int+2 SInv}
   (You bought it in a shop on level 3 of the Dungeon)

   Int:       It affects your intelligence (+2).
   rElec:     It insulates you from electricity.
   SInv:      It lets you see invisible.
 K - a +0 plate armour of willpower (worn)
Jewellery
 g - a +4 ring of evasion (left hand)
 j - a ring of fire
 v - a ring of flight
 x - an amulet of the acrobat (around neck)
 G - a ring of poison resistance
 J - a +6 ring of strength (right hand)
Wands
 q - a wand of flame (10)
 t - a wand of iceblast (5)
 D - a wand of charming (3)
Scrolls
 w - 7 scrolls of teleportation
 A - a scroll of fog
 B - a scroll of identify
Potions
 d - a potion of might
 e - 2 potions of mutation
 f - a potion of flight
 i - 2 potions of brilliance
 k - 2 potions of attraction
 n - 4 potions of haste
 o - 3 potions of heal wounds
 r - 2 potions of curing
 s - a potion of cancellation
 C - 2 potions of magic
Miscellaneous
 H - a phantom mirror (inert)


   Skills:
 + Level 10.2 Fighting
 * Level 16.2 Long Blades
 + Level 4.8 Bows
 + Level 9.2 Armour
 + Level 7.7 Dodging
 - Level 3.6 Shields
 + Level 7.9 Invocations
 + Level 2.9 Evocations


You had 11 spell levels left.
You didn't know any spells.
Your spell library contained the following spells:

 Spells                   Type           Power      Damage    Failure   Level
 Magic Dart               Conj           0%         1d3       97%         1
 Shock                    Conj/Air       0%         1d3       97%         1
 Summon Small Mammal      Summ           0%         N/A       97%         1
 Call Imp                 Summ           0%         N/A       99%         2
 Call Canine Familiar     Summ           0%         N/A       100%        3
 Mephitic Cloud           Conj/Pois/Air  0%         N/A       100%        3
 Portal Projectile        Hex/Tloc       0%         N/A       100%        3
 Summon Guardian Golem    Hex/Summ       0%         N/A       100%        3
 Swiftness                Air            0%         N/A       100%        3
 Airstrike                Air            0%         N/A       100%        4
 Leda's Liquefaction      Hex/Erth       0%         N/A       100%        4


Dungeon Overview and Level Annotations

Branches:
Dungeon (9/15)             Temple (1/1) D:4            Lair (4/6) D:9
  Swamp (0/4) Lair:3        Snake (0/4) Lair:2          Orc (2/2) D:9
    Elf: Orc:2

Altars:
Ashenzari
Cheibriados
Dithmenos
Elyvilon
Fedhas
Gozag
Hepliaklqana
Kikubaaqudgha
Makhleb
Nemelex Xobeh
Okawaru
Qazlal
Ru
Sif Muna
Trog
Uskayaw
Vehumet
Wu Jian
Xom
Yredelemnul
Zin
The Shining One
Beogh

Shops:
D:3 ![!*   D:7 :

Annotations:
Orc:2 Saint Roka


Innate Abilities, Weirdness & Mutations

You have a pair of horns on your head.
You reflexively headbutt those who attack you in melee.


Message History

You kill the orc wizard!
The rust devil barely misses you. You furiously retaliate!
You headbutt the rust devil, but do no damage.
You riposte.
You hit the rust devil but do no damage.
You headbutt the rust devil.
The rust devil is lightly wounded.
The orc sorcerer gestures wildly while chanting.
Aiming: Phantom Mirror
Press: ? - help, Dir - move target, f - Saint Roka
Aim: Saint Roka, wielding a +0 great sword and wearing a +0 chain mail You reflect Saint Roka with the mirror!
The mirror clouds!
The rust devil hits you. The rust devil corrodes you!
The orc closely misses you.
Saint Roka calls down the wrath of Beogh upon you.
Beogh smites you!
Saint Roka hits Saint Roka with a +0 great sword!!
The orc sorcerer gestures at you while chanting.
You suddenly lose the ability to move!
The hellwing hits you! The hellwing hits you.
The orc no longer looks unusually strong.
The orc warrior hits you but does no damage.
The rust devil hits you. The rust devil corrodes you!
The orc barely misses you.
Saint Roka roars a battlecry!
The orc goes into a battle-frenzy!
Saint Roka calls down the wrath of Beogh upon Saint Roka.
Saint Roka is smitten.
The hellwing hits you!
* * * LOW HITPOINT WARNING * * *
The hellwing hits you.
* * * LOW HITPOINT WARNING * * *
The orc warrior hits you with a +0 war axe!
* * * LOW HITPOINT WARNING * * *
The rust devil hits you. The rust devil corrodes you!
The orc hits you with a +0 club!
* * * LOW HITPOINT WARNING * * *
Saint Roka calls down the wrath of Beogh upon Saint Roka.
Saint Roka is smitten.
The orc sorcerer hits you with a +0 dagger!
You die...

#.....#$..## ...
........#. ....
........ ....
#.....# .....
#....##.....
#...........
##.).......#
##<.4oo......
#...o@4o.)...
.......o#......
.$.......$o.o....
#.................
##..#..._...##....
###.......## ###.
#.#.....#
#########


You could see Saint Roka (ally target), a hellwing (summoned), a rust devil
(summoned), an orc sorcerer (strong), an orc warrior (strong, corona), 3 orcs
and the friendly Saint Roka (summoned, drained).

Vanquished Creatures
  A hydra (Lair:3)
  2 two-headed ogres
  Pikel (D:8)
  An orc sorcerer (Orc:2)
  5 elephants (Lair:2)
  Joseph (D:7)
  A black mamba (Lair:4)
  7 cane toads
  5 komodo dragons
  3 blink frogs (Lair:3)
  A troll (D:7)
  3 wyverns
  24 yaks
  3 basilisks
  4 fire bats (D:9)
  A warg (D:9)
  6 nagas (Lair:2)
  A hell hound (D:9)
  15 water moccasins
  A black bear (D:9)
  9 orc warriors
  2 ice beasts
  A hornet zombie (D:8)
  An ogre (Orc:1)
  2 necrophages
  3 centaurs
  8 wolves
  3 phantoms
  2 kobold brigands (D:8)
  3 gnoll sergeants
  4 scorpions
  9 bullfrogs
  A wyvern skeleton (D:5)
  9 killer bees (D:9)
  11 wights
  2 lava snakes (D:9)
  A jelly (D:5)
  3 centaur zombies
  4 hounds
  6 orc priests
  3 centaur skeletons
  3 gnoll shamans
  3 iguanas
  12 orc wizards
  A hound skeleton (D:2)
  Robin (D:2)
  2 howler monkey skeletons (D:7)
  28 gnolls
  4 adders
  A white imp (D:6)
  2 ufetubi
  A worm (D:2)
  A dart slug (D:3)
  52 orcs
  3 ball pythons
  13 endoplasms
  4 giant cockroaches
  6 hobgoblins
  2 jackals (D:1)
  A quokka (D:4)
  4 bats
  A frilled lizard (D:3)
  18 goblins
  7 kobolds
  4 rats
  A fire vortex (D:9)
348 creatures vanquished.

Vanquished Creatures (collateral kills)
  A hydra (Lair:2)
1 creature vanquished.

Vanquished Creatures (others)
  2 orcs (Orc:2)
  2 fire vortices (D:9)
  67 fungi
  66 plants
137 creatures vanquished.

Grand Total: 486 creatures vanquished

Notes
Turn   | Place    | Note
-------+----------+-------------------------------------------
     0 | D:1      | raph the Minotaur Fighter began the quest for the Orb.
     0 | D:1      | Reached XP level 1. HP: 19/19 MP: 0/0
    49 | D:1      | Reached skill level 3 in Long Blades
   101 | D:1      | Reached XP level 2. HP: 22/26 MP: 1/1
   466 | D:1      | Reached skill level 4 in Long Blades
   872 | D:2      | Reached XP level 3. HP: 31/31 MP: 2/2
  1217 | D:2      | Reached skill level 5 in Long Blades
  1338 | D:2      | Reached XP level 4. HP: 39/39 MP: 3/3
  1375 | D:2      | Noticed Robin
  1381 | D:2      | Killed Robin
  1934 | D:3      | Found Bivocysu's Distillery.
  1941 | D:3      | Bought a potion of curing for 39 gold pieces
  1950 | D:3      | Found Ijev's General Store.
  1954 | D:3      | Reached skill level 6 in Long Blades
  2053 | D:3      | Reached XP level 5. HP: 25/45 MP: 4/4
  2264 | D:3      | Found a faded altar of an unknown god.
  2270 | D:3      | Found Tuvvuih's Distillery.
  2397 | D:3      | Found Nirusowk's Armour Shop.
  2676 | D:3      | Bought a potion of heal wounds for 60 gold pieces
  2676 | D:3      | Bought a potion of heal wounds for 60 gold pieces
  2683 | D:4      | Found an opulent altar of Gozag.
  2684 | D:4      | Found an opulent altar of Gozag.
  2706 | D:4      | Noticed a phantom
  2713 | D:4      | Noticed a necrophage
  2720 | D:4      | Killed a phantom
  2721 | D:4      | Reached skill level 7 in Long Blades
  2727 | D:4      | Killed a necrophage
  2728 | D:4      | Reached skill level 8 in Long Blades
  2728 | D:4      | Reached XP level 6. HP: 26/51 MP: 5/5
  2895 | D:4      | Found a staircase to the Ecumenical Temple.
  2914 | Temple   | Entered the Ecumenical Temple
  3014 | Temple   | Became a worshipper of Zin the Law-Giver
  3122 | D:4      | Found an opulent altar of Gozag.
  3212 | D:4      | Found an opulent altar of Gozag.
  3285 | D:4      | Reached skill level 9 in Long Blades
  3795 | D:5      | Entered Level 5 of the Dungeon
  3803 | D:5      | Reached XP level 7. HP: 53/57 MP: 6/6
  4490 | D:5      | Reached skill level 10 in Long Blades
  4540 | D:5      | Reached * piety under Zin
  4558 | D:5      | Noticed a yak
  4575 | D:5      | Killed a yak
  4576 | D:5      | Reached skill level 11 in Long Blades
  4624 | D:5      | Noticed a yak
  4624 | D:5      | Noticed a yak
  4644 | D:5      | Killed a yak
  4645 | D:5      | Reached XP level 8. HP: 53/64 MP: 7/7
  4655 | D:5      | Reached skill level 12 in Long Blades
  5502 | D:6      | Reached ** piety under Zin
  5652 | D:6      | Reached skill level 13 in Long Blades
  5655 | D:6      | Reached skill level 1 in Invocations
  5896 | D:6      | Reached XP level 9. HP: 72/72 MP: 9/9
  6621 | D:6      | Reached skill level 5 in Fighting
  7651 | D:7      | Reached skill level 14 in Long Blades
  7717 | D:7      | Found Ymeg's Book Boutique.
  7740 | D:7      | Reached *** piety under Zin
  7950 | D:7      | Reached skill level 1 in Dodging
  8092 | D:7      | Noticed Joseph
  8109 | D:7      | Killed Joseph
  8369 | D:7      | Noticed a troll
  8384 | D:7      | Killed a troll
  8389 | D:7      | Reached skill level 5 in Armour
  8392 | D:7      | Reached XP level 10. HP: 62/84 MP: 12/12
  9028 | D:8      | Reached skill level 5 in Invocations
  9092 | D:8      | Reached **** piety under Zin
  9215 | D:8      | Noticed Pikel
  9228 | D:8      | Killed Pikel
 10858 | D:9      | Found a staircase to the Lair.
 10884 | D:9      | Reached skill level 5 in Dodging
 11925 | D:9      | Reached XP level 11. HP: 24/95 MP: 11/14
 12333 | D:9      | Noticed a two-headed ogre
 12360 | D:9      | Killed a two-headed ogre
 12751 | D:9      | Found a staircase to the Orcish Mines.
 13487 | Lair:1   | Entered Level 1 of the Lair of Beasts
 13586 | Lair:1   | Reached skill level 1 in Bows
 13877 | Lair:1   | Reached skill level 15 in Long Blades
 14956 | D:3      | Bought the +3 crown of Dyrovepreva {rElec Int+2 SInv} for
                  | 496 gold pieces
 14956 | D:3      | Found the +3 crown of Dyrovepreva {rElec Int+2 SInv}
 15170 | Lair:2   | Noticed a four-headed hydra
 15176 | Lair:2   | Killed a four-headed hydra
 15688 | Lair:2   | Found a staircase to the Snake Pit.
 16056 | Lair:3   | Identified the +0 broad axe of the Six Scars {vamp, rElec}
 16083 | Lair:3   | Reached skill level 1 in Evocations
 16177 | Lair:3   | Found a staircase to the Swamp.
 16296 | Lair:3   | Reached ***** piety under Zin
 16315 | Lair:3   | Reached XP level 12. HP: 105/105 MP: 16/16
 16683 | Lair:3   | Noticed a six-headed hydra
 16697 | Lair:3   | Killed a six-headed hydra
 17767 | Lair:4   | Noticed a six-headed hydra
 18128 | Lair:4   | Reached skill level 10 in Fighting
 18128 | Lair:4   | Reached skill level 16 in Long Blades
 18323 | Lair:4   | Noticed a seven-headed hydra
 18781 | Orc:1    | Entered Level 1 of the Orcish Mines
 19023 | Orc:1    | Noticed a two-headed ogre
 19031 | Orc:1    | Killed a two-headed ogre
 19155 | Orc:2    | Entered Level 2 of the Orcish Mines
 19160 | Orc:2    | Noticed Saint Roka
 19172 | Orc:2    | Paralysed by an orc sorcerer for 5 turns
 19174 | Orc:2    | HP: 2/106 [orc[Saint Roka] (9)]
 19174 | Orc:2    | Mangled by an orc sorcerer

Illustrated notes

Levels and vault maps discovered:
D:1:      ncdulo_watergridlock, layout_basic, minmay_tetromino_i2
D:2:      layout_basic, serial_curves, eino_curves_02, eino_curves_04,
          uniq_robin
D:3:      layout_rooms, serial_shops, shop_fountains, nicolae_diamond_shop,
          nicolae_shop_crystal, nicolae_square_shop,
          ebering_ecumenical_altar_webs
D:4:      layout_gridville, nicolae_gozag_conspicuous_consumption,
          minmay_temple_entry_metal_lava
D:5:      layout_cave_pools, kennysheep_generic_room_9
D:6:      layout_gridville, serial_bayou_pond_e
D:7:      layout_rooms, serial_shops, shop, minmay_manual_maat, uniq_joseph
D:8:      layout_basic, palyth_stone_intersect, minmay_unpleasant_kobolds,
          uniq_pikel
D:9:      layout_stronghold, due_lair_maze_entry_diamond, david_orc_3,
          grunt_ministairs_9, hangedman_incinerator
Temple:   nicolae_temple_the_god_donut
Lair:1:   layout_long_grid
Lair:2:   layout_long_grid, minmay_snake_entry_guardpost_medium, ldierk_geyser
Lair:3:   layout_regular_city, swamp_mist, chequers_serial_rivers_micro_e,
          nicolae_lair_grove_arrangements
Lair:4:   layout_loops_ring
Orc:1:    layout_caves, serial_shops, nicolae_diamond_shop,
          nicolae_orc_bridge_out
Orc:2:    kennysheep_orc_mage_school, layout_diamond_mine, basic_altar,
          uniq_maurice, uniq_saint_roka

Skill      XL: |  1  2  3  4  5  6  7  8  9 10 11 12 |
---------------+-------------------------------------+-----
Long Blades    | 3 4 5 6 8 9 11 13 14 15 16 | 16.2
Fighting       | 4 6 8 9 10 | 10.2
Invocations    | 1 4 6 7 |  7.9
Dodging        | 3 5 6 7 |  7.7
Armour         | 5 7 8 9 |  9.2
Bows           | 3 4 |  4.8
Evocations     | 1 2 |  2.9
Shields        | |  3.6

Action                   |  1- 3 |  4- 6 |  7- 9 | 10-12 || total
-------------------------+-------+-------+-------+-------++-------
Melee: Long sword        |    61 |   147 |   280 |   104 ||   592
       Headbutt          |     8 |    22 |    67 |   111 ||   208
       Great sword       |       |       |       |   316 ||   316
 Fire: Shortbow          |       |       |       |   165 ||   165
Throw: Throwing net      |       |       |     1 |       ||     1
Invok: Recite            |       |       |     3 |    12 ||    15
       Vitalisation      |       |       |     1 |     9 ||    10
Evoke: Wand              |       |       |       |     4 ||     4
       Phantom mirror    |       |       |       |     2 ||     2
  Use: Scroll            |       |     8 |     9 |    12 ||    29
       Potion            |       |     1 |       |     2 ||     3
 Stab: Confused          |       |       |     1 |     1 ||     2
       Held in net/web   |       |       |     1 |       ||     1
       Paralysed         |       |       |       |     1 ||     1
Armor: Scale mail        |    14 |       |       |       ||    14
       Chain mail        |    16 |    69 |   123 |   251 ||   459
       Plate armour      |       |       |       |    14 ||    14
Dodge: Dodged            |    19 |    36 |   128 |   405 ||   588
Block: Kite shield       |    27 |    73 |    92 |       ||   192
       Rpst.: Long sword |     6 |     6 |    20 |    20 ||    52
       Great sword       |       |       |       |    84 ||    84
